 Dungeon Crawl Stone Soup version 0.30-a0-939-gc8157cb160 (webtiles) character file.

Game seed: 16991178969598775625

77 ThatPearl the Changer (level 3, 0/27 HPs)
             Began as a Demigod Transmuter on Mar 25, 2023.
             Slain by a frilled lizard (2 damage)
             ... on level 3 of the Dungeon.
             The game lasted 00:04:58 (2393 turns).

ThatPearl the Changer (Demigod Transmuter)          Turns: 2393, Time: 00:04:59

Health: 0/27       AC:  2    Str: 11    XL:     3   Next: 91%
Magic:  17/17      EV: 12    Int: 19    God:
Gold:   94         SH:  0    Dex: 14    Spells: 0/6 levels left

rFire   . . .      SeeInvis .      - Unarmed
rCold   . . .      Faith    .    (no shield)
rNeg    . . .      Spirit   .    a - +0 robe
rPois   .          Reflect  .    (helmet currently unavailable)
rElec   .          Rampage  .    (no cloak)
rCorr   .                        (no gloves)
Will    .....                    (boots currently unavailable)
Stlth   +                        (no amulet)
HPRegen 0.24/turn                g - ring of magical power
MPRegen 0.15/turn                (no ring)

@: appendages
A: horns 2, talons 2, high MP 1, forlorn, divine attributes
a: End Transformation


You were on level 3 of the Dungeon.
You had temporarily grown beastly horns and talons.
You visited 1 branch of the dungeon, and saw 3 of its levels.

You collected 211 gold pieces.
You spent 117 gold pieces at shops.

Inventory:

Hand Weapons
 l - a +0 sling
 s - a +2 whip of freezing
Missiles
 d - 49 stones
 i - 2 poisoned darts
Armour
 a - a +0 robe (worn)
Magical Staves
 j - a staff of fire
Jewellery
 g - a ring of magical power (left hand)
Scrolls
 c - a scroll of noise {unknown}
 f - 3 scrolls of identify {unknown}
 h - a scroll of teleportation {unknown}
 k - a scroll of magic mapping {unknown}
 t - a scroll of immolation {unknown}
Potions
 b - a potion of berserk rage {unknown}
 e - a potion of ambrosia {unknown}
 m - a potion of mutation {unknown}
 n - a potion of heal wounds
 o - a potion of might
 p - a potion of cancellation {unknown}
 q - a potion of curing {unknown}
 r - a potion of brilliance {unknown}
 u - a potion of attraction {unknown}


   Skills:
 - Level 0.8 Fighting
 - Level 1.7 Dodging
 - Level 2.6 Unarmed Combat
 - Level 2.0 Spellcasting
 + Level 3.9 Transmutations


You couldn't memorise any spells.
You knew the following spells:

 Your Spells              Type           Power      Damage    Failure   Level
a - Beastly Appendage     Tmut           34%        N/A       3%          1
s - Spider Form           Tmut/Pois      9%         N/A       22%         3
w - Wereblood             Tmut           17%        N/A       4%          2

Your spell library contained the following spells:

 Spells                   Type           Power      Damage    Failure   Level
 Ignite Poison            Fire/Tmut/Pois 6%         N/A       30%         3
 Hailstorm                Conj/Ice       1%         3d3       45%         3
 Kindle Blastsparks       Fire/Tloc/Air  2%         2d10      45%         3
 Ice Form                 Ice/Tmut       9%         N/A       58%         4
 Freezing Cloud           Conj/Ice/Air   0%         6-21      99%         5
 Simulacrum               Ice/Necr       0%         N/A       100%        6


Dungeon Overview and Level Annotations

Branches:
Dungeon (3/15)

Shops:
D:3 !

Annotations:
D:3 Sigmund


Innate Abilities, Weirdness & Mutations

You have temporarily grown beastly horns and talons.
You have an increased reservoir of magic. (+10% MP)
You shall have no god before yourself.
Your divine heritage dramatically boosts your attributes as you level up.


Message History

Your horns disappear.
Your talons disappear.
t - a scroll labelled YRI PAREUFF
u - a bubbling red potion You now have 80 gold pieces (gained 12).
You now have 94 gold pieces (gained 14).
Found a stone staircase leading down.
You see here a +0 leather armour.
Found a dagger.
A kobold comes into view. It is wielding a +0 hand axe.
A kobold is nearby!
Casting: Beastly Appendage (safe; 3% risk of failure)
Press: ? - help, Q - select action, (/) - cycle Dir - look around, f - activate You grow a pair of large bovine horns.
Your feet morph into talons.
The kobold shouts!
You hear an angry hiss.
The kobold drinks a potion.
The kobold flickers and vanishes!
Deactivating autopickup; reactivate with Ctrl-A.
A rat comes into view.
You completely miss something. Something hits you.
You hit something. Your kick misses something. Something hits you.
You closely miss something. Your kick misses something. Something hits you.
You hit the rat. You claw the rat.
You kill the rat!
Something hits you.
A frilled lizard comes into view.
You hit something but do no damage. Your kick misses something.
You hit something but do no damage. Your kick misses something.
Something hits you but does no damage.
You hit something but do no damage. You claw something. Something hits you.
You barely miss something. Something hits you.
You closely miss something. Your kick misses something.
Your headbutt misses something. Something hits you.
* * * LOW HITPOINT WARNING * * *
You barely miss something. You claw something. Something hits you.
* * * LOW HITPOINT WARNING * * *
The frilled lizard bites you.
* * * LOW HITPOINT WARNING * * *
The frilled lizard attacks as you move away!
The frilled lizard bites you.
You die...

# #### .#
.... ..#
....
######...#
####
#.........
#
#.........
#
#######..#
......)l{#
########@#
#..# #.#
#..# #.#
#..# #.#
#..# #.#
#..# #.# ♣
#..# #.# ♣
#..# #.# ♣
#..####
#.# ♣


You could see a frilled lizard.

Vanquished Creatures
  2 adders (D:2)
  2 worms
  2 ball pythons (D:3)
  2 bats (D:1)
  5 endoplasms
  2 giant cockroaches (D:2)
  6 hobgoblins
  2 jackals (D:1)
  2 quokkas
  3 frilled lizards
  8 goblins
  8 kobolds
  4 rats
48 creatures vanquished.

Notes
Turn   | Place    | Note
-------+----------+-------------------------------------------
     0 | D:1      | ThatPearl the Demigod Transmuter began the quest for the
                  | Orb.
     0 | D:1      | Reached XP level 1. HP: 15/15 MP: 5/5
    94 | D:1      | Reached skill level 2 in Transmutations
   462 | D:1      | Reached XP level 2. HP: 22/22 MP: 5/7
   466 | D:1      | Learned a level 2 spell: Wereblood
   980 | D:2      | Reached skill level 3 in Transmutations
  1008 | D:2      | HP: 1/22 [goblin/+0 club (2)]
  1227 | D:2      | Reached XP level 3. HP: 12/27 MP: 8/8
  1781 | D:3      | Noticed Sigmund
  1824 | D:3      | Found Narasuong's Distillery.
  1836 | D:3      | Bought a potion of heal wounds for 65 gold pieces
  1836 | D:3      | Bought a potion of might for 52 gold pieces
  2210 | D:3      | Learned a level 3 spell: Spider Form
  2393 | D:3      | Slain by a frilled lizard

Illustrated notes

Levels and vault maps discovered:
D:1:      mushboom_english_gardens, layout_basic, minmay_misc_feat_iff,
          minmay_pentomino_z2
D:2:      layout_rooms, dilly_ecumenical_altar_fadedgnrine
D:3:      layout_loops_ring, serial_shops, nicolae_shop_stone,
          kennysheep_potato, uniq_natasha, uniq_sigmund

Skill      XL: |  1  2  3 |
---------------+----------+-----
Transmutations | 2 3 |  3.9
Spellcasting   | 2 |  2.0
Fighting       | |  0.8
Dodging        | |  1.7
Unarmed Combat | |  2.6

Action                     || total
---------------------------++-------
  Melee: Unarmed           ||   146
         Kick              ||    32
         Headbutt          ||    11
         Punch             ||     4
   Fire: Sling             ||     5
   Cast: Beastly Appendage ||    29
    Use: Potion            ||     1
   Stab: Sleeping          ||     1
 Armour: Robe              ||    24
  Dodge: Dodged            ||    72

Table legend: (Time is in decaauts)
 A = Elapsed time spent in this place.
 B = Non-inter-level travel time spent in this place.
 C = Inter-level travel time spent in this place.
 D = Time resting spent in this place.
 E = Time spent auto-exploring this place.
 F = Levels seen in this place.
 G = Mean time per level.
                   A        B        C        D        E       F      G
               +--------+--------+--------+--------+--------+-----+--------+
         Total |   2385 |   2290 |     95 |    134 |   1700 |   3 |  795.0 |
       Dungeon |   2385 |   2290 |     95 |    134 |   1700 |   3 |  795.0 |
               +--------+--------+--------+--------+--------+-----+--------+

Top non-repeatable levels by time:
     D:1: 916 daAuts
     D:2: 863 daAuts
     D:3: 606 daAuts
